 Dungeon Crawl Stone Soup version 0.29.0-7-g18a832c13a (webtiles) character file.

Game seed: 8795278319963541843

263 RascalDebosk the Trooper (level 5, -3/47 HPs)
             Began as a Minotaur Fighter on Aug 31, 2022.
             Killed by divine providence
             ... invoked by an orc priest
              (17 damage)
             ... on level 4 of the Dungeon.
             The game lasted 00:16:04 (2795 turns).

RascalDebosk the Trooper (Minotaur Fighter)         Turns: 2795, Time: 00:16:05

Health: -3/47      AC:  9    Str: 22    XL:     5   Next: 97%
Magic:  5/5        EV: 10    Int:  5    God:
Gold:   219        SH:  5    Dex: 16    Spells: 4/4 levels left

rFire   . . .      SeeInvis .   y - +8 hand axe "Hydraslayer" {vorpal, Contam Dex+6}
rCold   + . .      Faith    .   c - +0 buckler
rNeg    . . .      Spirit   .   j - +2 ring mail {rC+}
rPois   .          Reflect  .   (helmet restricted)
rElec   .          Harm     .   (no cloak)
rCorr   .          Rampage  .   (no gloves)
Will    .....                   z - +0 pair of boots
Stlth   +.........              (no amulet)
HPRegen 0.15/turn               (no ring)
MPRegen 0.09/turn               (no ring)

@: no status effects
A: horns 2, retaliatory headbutt
a: no special abilities


You were on level 4 of the Dungeon.
You visited 1 branch of the dungeon, and saw 4 of its levels.

You collected 219 gold pieces.

Inventory:

Hand Weapons
 a - a +0 war axe
 y - the +8 hand axe "Hydraslayer" (weapon) {vorpal, Contam Dex+6}
   (You found it on level 3 of the Dungeon)

   It inflicts extra damage upon your enemies.
   Dex:       It affects your dexterity (+6).
   Contam:    It causes magical contamination when unequipped.
Missiles
 f - 52 stones (quivered)
Armour
 b - a +0 scale mail
 c - a +0 buckler (worn)
 j - a +2 ring mail of cold resistance (worn)
 z - a +0 pair of boots (worn)
Jewellery
 x - a ring of ice
Scrolls
 l - a scroll of silence {unknown}
 n - 2 scrolls of teleportation {unknown}
 o - a scroll of amnesia {unknown}
 p - a scroll of magic mapping {unknown}
 r - 5 scrolls of identify {unknown}
 s - a scroll of enchant armour {unknown}
 u - a scroll of immolation {unknown}
 w - 3 scrolls of blinking {unknown}
Potions
 d - a potion of might
 e - a potion of degeneration {unknown}
 g - a potion of brilliance {unknown}
 h - 4 potions of heal wounds {unknown}
 i - 3 potions of curing {unknown}
 k - 2 potions of mutation {unknown}
 m - a potion of attraction {unknown}
 q - a potion of flight {unknown}
 t - a potion of haste {unknown}
 v - a potion of ambrosia {unknown}


   Skills:
 + Level 4.6 Fighting
 + Level 3.8 Axes
 + Level 2.1 Throwing
 + Level 4.6 Armour
 + Level 4.6 Shields
 + Level 2.1 Invocations


You had 4 spell levels left.
You didn't know any spells.
Your spell library contained the following spells:

 Spells                   Type           Power      Damage    Failure   Level
 Magic Dart               Conj           0%         1d3       73%         1
 Slow                     Hex            0%         N/A       73%         1
 Searing Ray              Conj           0%         2d4       86%         2
 Confusing Touch          Hex            0%         N/A       97%         3
 Vampiric Draining        Necr           0%         2d6       97%         3
 Fulminant Prism          Conj/Hex       0%         3d6       100%        4


Dungeon Overview and Level Annotations

Branches:
Dungeon (4/15)
 Temple: D:4-7

Altars:
Hepliaklqana
Qazlal
Ru
Trog


Innate Abilities, Weirdness & Mutations

You have a pair of horns on your head.
You reflexively headbutt those who attack you in melee.


Message History

r - 5 scrolls labelled ZOETAD FARIARA (gained 1)
There is a stone staircase leading up here.
Found a stone staircase leading down.
f - 52 stones (gained 1)
An orc comes into view. It is wielding a +0 club.
The orc shouts!
An orc comes into view. It is wielding a +0 club.
There are monsters nearby!
The orc shouts!
You hear a shout!
You hear a bark!
You hear a shout!
An orc comes into view. It is wielding a +0 dagger.
The orc shouts!
A hound comes into view.
The orc hits you but does no damage. You block the orc's attack.
You hit the orc. You headbutt the orc.
You kill the orc!
You slash the orc!
You kill the orc!
An orc priest comes into view. It is wielding a +0 war axe.
You block the hound's attack. The orc hits you but does no damage.
Things that are here:
a +0 club; an orc corpse You slash the orc!
You kill the orc!
You hit the hound. The hound bites you but does no damage.
The hound barely misses you.
You slash the hound!
You kill the hound!
You slash the orc priest!
The orc priest is severely wounded.
The orc priest hits you with a +0 war axe! x2
You hit the orc priest.
The orc priest is almost dead.
The orc priest calls down the wrath of Beogh upon you.
Beogh smites you!
* * * LOW HITPOINT WARNING * * *
You barely miss the orc priest.
The orc priest is almost dead.
The orc priest calls down the wrath of Beogh upon you.
Beogh smites you!
You die...

#...# #...#
#####...#
###......##
......###.#
####..###.######
.####..#.........#
.......).)...###..
##.#.o@†..#.#
##..##.#.#
....##.#.#
#.##..##.# # #
#...... ..#. ..
### . ..


You could see an orc priest.

Vanquished Creatures
  A black bear (D:4)
  A hound (D:4)
  An orc wizard (D:3)
  An adder (D:3)
  2 worms (D:3)
  2 dart slugs (D:1)
  12 orcs
  7 bats
  4 endoplasms
  4 giant cockroaches
  3 hobgoblins
  4 jackals
  10 kobolds
  2 quokkas
  6 ball pythons
  A frilled lizard (D:3)
  9 goblins
  12 rats
82 creatures vanquished.

Vanquished Creatures (others)
  4 fungi (D:3)
  11 plants (D:3)
15 creatures vanquished.

Grand Total: 97 creatures vanquished

Notes
Turn   | Place    | Note
-------+----------+-------------------------------------------
     0 | D:1      | RascalDebosk the Minotaur Fighter began the quest for the
                  | Orb.
     0 | D:1      | Reached XP level 1. HP: 19/19 MP: 0/0
    72 | D:1      | Reached XP level 2. HP: 27/27 MP: 1/1
   499 | D:1      | Reached skill level 1 in Throwing
   524 | D:1      | Reached XP level 3. HP: 28/33 MP: 2/2
  1167 | D:2      | Reached skill level 1 in Invocations
  1609 | D:3      | Found a sacrificial altar of Ru.
  1617 | D:3      | Found a stormy altar of Qazlal.
  1649 | D:3      | Found a hazy altar of Hepliaklqana.
  1679 | D:3      | Reached XP level 4. HP: 36/40 MP: 3/3
  1742 | D:3      | Noticed a moth of wrath
  1744 | D:3      | Found a bloodstained altar of Trog.
  1763 | D:3      | Identified the +8 hand axe "Hydraslayer" {vorpal, Contam
                  | Dex+6}
  2214 | D:3      | Found a faded altar of an unknown god.
  2667 | D:4      | Noticed a black bear
  2671 | D:4      | Killed a black bear
  2672 | D:4      | Reached XP level 5. HP: 47/47 MP: 5/5
  2795 | D:4      | Killed from afar by an orc priest

Illustrated notes

Levels and vault maps discovered:
D:1:      lemuel_arrival_river_bridge, layout_loops_ring, minmay_tripent
D:2:      layout_rooms, minmay_tree_intersection, minmay_pentomino_x4
D:3:      layout_basic, tgw_trog, mainiacjoe_overflow_big_doors,
          nicolae_overflow_crystal_walls,
          shapermc_ecumenical_altar_mp_urbaneastern
D:4:      layout_loops_cross, mainiacjoe_overflow_surrounded_room,
          kennysheep_generic_room_16, uniq_ijyb

Skill      XL: |  1  2  3  4  5 |
---------------+----------------+-----
Throwing       | 1 2 |  2.1
Fighting       | 4 |  4.6
Armour         | 4 |  4.6
Axes           | 3 |  3.8
Invocations    | 1 2 |  2.1
Shields        | 4 |  4.6

Action                   |  1- 3 |  4- 6 || total
-------------------------+-------+-------++-------
Melee: War axe           |    93 |     9 ||   102
       Headbutt          |    10 |     8 ||    18
       Hand axe          |       |    46 ||    46
Throw: Stone             |     9 |     3 ||    12
Armor: Scale mail        |    20 |       ||    20
       Ring mail         |    26 |    17 ||    43
Dodge: Dodged            |    44 |    14 ||    58
Block: Buckler           |    16 |    10 ||    26
